 Dungeon Crawl Stone Soup version 0.29.1-12-g30fa7ad0bf (webtiles) character file.

Game seed: 6388109509327549498

109 javelincjr the Magician (level 5, -11/35 HPs)
             Began as a Djinni Conjurer on Jan 18, 2023.
             Mangled by Crazy Yiuf
             ... wielding a +2 quarterstaff of chaos
              (13 damage)
             ... on level 2 of the Dungeon.
             The game lasted 00:06:45 (2541 turns).

javelincjr the Magician (Djinni Conjurer)           Turns: 2541, Time: 00:06:45

Health: -11/35     AC:  2    Str:  8    XL:     5   Next: 13%
Gold:   63         EV: 12    Int: 19    God:
                   SH:  0    Dex: 12

rFire   + + .      SeeInvis .   b - +0 dagger
rCold   x . .      Faith    .   (no shield)
rNeg    . . .      Spirit   .   a - +0 robe
rPois   ∞          Reflect  .   (no helmet)
rElec   .          Harm     .   (no cloak)
rCorr   .          Rampage  .   (no gloves)
Will    .....                   (boots unavailable)
Stlth   ++........              (no amulet)
HPRegen 0.11/turn               (no ring)
MPRegen 0.00/turn               (no ring)

@: flying, very slightly contaminated
A: sickness immunity, fire resistance 2, cold vulnerability 1, float, innate
caster, HP casting, extra vitality 1
a: no special abilities


You were on level 2 of the Dungeon.
You visited 1 branch of the dungeon, and saw 2 of its levels.

You collected 63 gold pieces.

Inventory:

Hand Weapons
 b - a +0 dagger (weapon)
Armour
 a - a +0 robe (worn)
Scrolls
 d - 3 scrolls of identify {unknown}
 f - a scroll of butterflies {unknown}
 g - a scroll of torment {unknown}
Potions
 c - 2 potions of magic {unknown}
 e - 3 potions of heal wounds {unknown}
 h - a potion of mutation {unknown}
 i - a potion of attraction {unknown}
 j - a potion of curing {unknown}


   Skills:
 + Level 2.3 Dodging
 + Level 2.0 Stealth
 + Level 4.6 Spellcasting


You couldn't memorise any spells.
You knew the following spells:

 Your Spells              Type           Power      Damage    Failure   Level
a - Magic Dart            Conj           84%        1d7       1%          1
b - Searing Ray           Conj           42%        2d6       3%          2
c - Dazzling Flash        Conj/Hex       42%        N/A       6%          3
d - Fulminant Prism       Conj/Hex       10%        3d9       19%         4
e - Iskenderun's Mystic   Conj/Tloc      21%        2d6       19%         4
f - Shock                 Conj/Air       84%        1d8       1%          1
g - Static Discharge      Conj/Air       21%        3-6/arc   3%          2
Your spell library was empty.

Dungeon Overview and Level Annotations

Branches:
Dungeon (2/15)

Altars:

Annotations:
D:2 Crazy Yiuf


Innate Abilities, Weirdness & Mutations

You are immune to sickness and miasma.
You are immune to poison.
Your flesh is very heat resistant. (rF++)
You are vulnerable to cold. (rC-)
You float through the air rather than walking.
You learn spells naturally, not from books.
Your magical power is your life essence.
You have superior vitality. (+4 MHP)


Message History

Confirm with . or Enter, or press ? or * to list all spells.
The spell is extremely dangerous to miscast (19% risk of failure)!
Continue anyway? [Y]es or [N]o only, please.
The spell is extremely dangerous to miscast (19% risk of failure)!
Continue anyway? [Y]es or [N]o only, please.
The spell is extremely dangerous to miscast (19% risk of failure)!
Continue anyway?
Aiming: Fulminant Prism (extremely dangerous; 19% risk of failure)
Press: ? - help, Dir - move target You miscast Fulminant Prism.
You are very lightly contaminated with residual magic.
Nothing appears to happen.
Casting: Fulminant Prism (extremely dangerous; 19% risk of failure)
Confirm with . or Enter, or press ? or * to list all spells.
Aiming: Searing Ray (safe; 3% risk of failure)
Press: ? - help, Shift-Dir - straight line, f - Crazy Yiuf
Aim: Crazy Yiuf, wielding a +2 quarterstaff of chaos and wearing a +0 cloak (81% to hit)
The searing ray hits Crazy Yiuf.
Crazy Yiuf is moderately wounded. (Press . to maintain the ray.)
The searing ray misses Crazy Yiuf.
Crazy Yiuf hits you with a +2 quarterstaff of chaos!
The searing ray misses Crazy Yiuf.
Crazy Yiuf hits you with a +2 quarterstaff of chaos!
* * * LOW HITPOINT WARNING * * *
The searing ray hits Crazy Yiuf.
Crazy Yiuf is heavily wounded.
* * * LOW HITPOINT WARNING * * *
You finish channelling your searing ray.
Crazy Yiuf closely misses you.
Casting: Searing Ray (safe; 3% risk of failure)
Confirm with . or Enter, or press ? or * to list all spells.
Aiming: Searing Ray (safe; 3% risk of failure)
Press: ? - help, Shift-Dir - straight line, f/p - Crazy Yiuf
Aim: Crazy Yiuf, wielding a +2 quarterstaff of chaos and wearing a +0 cloak (heavily wounded, 81% to hit)
The searing ray hits Crazy Yiuf.
Crazy Yiuf is severely wounded. (Press . to maintain the ray.)
* * * LOW HITPOINT WARNING * * *
Crazy Yiuf hits you with a +2 quarterstaff of chaos!
You die...

#####....###
#.# #.####
##..##
#.###....#
♣....♣
#.....##.#
♣♣..)♣
########.#
♣♣)♣♣
######## #.#
♣♣)♣
#....>.# #.#
♣)♣♣
######.# #.#
♣♣)♣
######.# #.#
♣@♣♣
#......# #.#
#g# #..###.#
#.# )))
##.###.###..
#)))#
#..........#
#).)#
#..........#
#####
######.#####
#.# ##.##
##.#.####


You could see Crazy Yiuf.

Vanquished Creatures
  3 gnolls (D:2)
  5 adders (D:2)
  10 ball pythons
  3 bats
  3 endoplasms
  A giant cockroach (D:1)
  3 goblins (D:1)
  2 hobgoblins (D:1)
  A quokka (D:1)
  A frilled lizard (D:2)
  5 kobolds (D:1)
  3 rats
40 creatures vanquished.

Notes
Turn   | Place    | Note
-------+----------+-------------------------------------------
     0 | D:1      | javelincjr the Djinni Conjurer began the quest for the Orb.
     0 | D:1      | javelincjr set off with the following spells memorised:
                  | Magic Dart, Searing Ray, Dazzling Flash, Fulminant Prism,
                  | Iskenderun's Mystic Blast.
     0 | D:1      | Reached XP level 1. HP: 15/15 MP: 0/0
   246 | D:1      | Reached XP level 2. HP: 18/21 MP: 0/0
  1222 | D:1      | Reached XP level 3. HP: 20/25 MP: 0/0
  1222 | D:1      | Learned a level 1 spell: Shock
  1616 | D:2      | Reached skill level 4 in Spellcasting
  1956 | D:2      | Reached XP level 4. HP: 25/31 MP: 0/0
  2216 | D:2      | Reached XP level 5. HP: 33/35 MP: 0/0
  2216 | D:2      | Learned a level 2 spell: Static Discharge
  2531 | D:2      | Found a runed translucent door.
  2532 | D:2      | Noticed Crazy Yiuf
  2541 | D:2      | Mangled by Crazy Yiuf

Illustrated notes

Levels and vault maps discovered:
D:1:      minmay_arrival_checkered_box, layout_basic, dk_noncrumbling_3,
          chequers_decorated_corner, chequers_garden
D:2:      layout_loops_ring, basic_altar,
          shapermc_ecumenical_altar_starsandcircs, minmay_snake_closets,
          uniq_crazy_yiuf_cottage

Skill      XL: |  1  2  3  4 |
---------------+-------------+-----
Spellcasting   | 4 |  4.6
Stealth        | 2 |  2.0
Dodging        | |  2.3

Action                   |  1- 3 |  4- 6 || total
-------------------------+-------+-------++-------
Melee: Dagger            |     9 |       ||     9
 Cast: Magic Dart        |    41 |     3 ||    44
       Searing Ray       |     7 |     6 ||    13
       Dazzling Flash    |     1 |       ||     1
       Shock             |       |     3 ||     3
       Static Discharge  |       |     2 ||     2
Armor: Robe              |     5 |       ||     5
Dodge: Dodged            |     9 |     4 ||    13
